 Dungeon Crawl Stone Soup version 0.30.1-11-g7821555f0a (webtiles) character file.

Game seed: 17921607469374881368

58 Groucho the Conjurer (level 3, -2/16 HPs)
             Began as a Spriggan Conjurer on Oct 29, 2023.
             Shot with an arrow by a centaur (11 damage)
             ... on level 3 of the Dungeon.
             The game lasted 00:05:02 (3081 turns).

Groucho the Conjurer (Spriggan Conjurer)            Turns: 3081, Time: 00:05:03

Health: -2/16      AC:  2    Str:  3    XL:     3   Next: 76%
Magic:  8/9        EV: 17    Int: 21    God:
Gold:   114        SH:  0    Dex: 13    Spells: 8/9 levels left

rFire   . . .        (weapon restricted)
rCold   . . .        (no shield)
rNeg    . . .        a - +0 robe
rPois   .            (helmet restricted)
rElec   .            (no cloak)
rCorr   .            (gloves unavailable)
SInv    +            (boots unavailable)
Will    .....        (no amulet)
Stlth   ++           (no ring)
HPRegen 0.22/turn    (no ring)
MPRegen 0.11/turn

%: no passive effects
@: very quick
A: very small, no large weapons, unfitting armour, see invisible, speed 3
a: no special abilities


You were on level 3 of the Dungeon.
You visited 1 branch of the dungeon, and saw 3 of its levels.

You collected 114 gold pieces.

Inventory:

Armour
 a - a +0 robe (worn)
Scrolls
 d - 2 scrolls of identify {unknown}
 f - a scroll of enchant weapon {unknown}
 g - a scroll of butterflies {unknown}
Potions
 b - a potion of magic
 c - a potion of curing {unknown}
 e - a potion of degeneration {unknown}
 h - a potion of might {unknown}


   Skills:
 - Level 2.7 Dodging
 - Level 3.0 Stealth
 + Level 3.6 Spellcasting
 * Level 3.8 Conjurations


You had 8 spell levels left.
You knew the following spells:

 Your Spells              Type           Power      Damage    Failure   Level
a - Magic Dart            Conj           76%        1d6       2%          1

Your spell library contained the following spells:

 Spells                   Type           Power      Damage    Failure   Level
 Searing Ray              Conj           38%        2d5       4%          2
 Dazzling Flash           Conj/Hex       22%        N/A       17%         3
 Fulminant Prism          Conj/Hex       5%         3d7       50%         4
 Iskenderun's Mystic Bla  Conj/Tloc      11%        2d4       50%         4


Dungeon Overview and Level Annotations

Branches:
Dungeon (3/15)

Altars:

Annotations:
D:2 Jessica, Natasha


Innate Abilities, Weirdness & Mutations

You are very small and have problems with some larger weapons.
You are too small for most types of armour.
You have supernaturally acute eyesight. (SInv)
You cover ground extremely quickly. (Speed+++)


Message History

HP restored.
You start resting.
Magic restored.
You start waiting.
Done waiting.
You start waiting.
Done waiting.
You start waiting.
Done waiting.
You start waiting.
Done waiting.
You now have 114 gold pieces (gained 8).
Found 4 stones.
You see here 4 stones.
A centaur and a kobold come into view.
Casting: Magic Dart (safe; 2% risk of failure)
Confirm with . or Enter, or press ? or * to list all spells.
Aiming: Magic Dart (safe; 2% risk of failure)
Press: ? - help, Shift-Dir - straight line, f - centaur
Aim: a centaur (asleep, 100% to hit)
The magic dart hits the centaur.
The centaur is lightly wounded.
The centaur shouts!
The kobold shouts!
The centaur wields a +0 shortbow.
The centaur shoots an arrow.
The arrow barely misses you.
Casting: Magic Dart (safe; 2% risk of failure)
Confirm with . or Enter, or press ? or * to list all spells.
Aiming: Magic Dart (safe; 2% risk of failure)
Press: ? - help, Shift-Dir - straight line, f/p - centaur
Aim: a centaur, wielding a +0 shortbow (lightly wounded, 100% to hit)
The magic dart hits the centaur.
The centaur is moderately wounded.
The centaur shoots an arrow.
The arrow hits you!
Ouch! That really hurt!
Unknown command.
You see here 4 stones.
There is a stone staircase leading up here.
The centaur shoots an arrow.
The arrow hits you!
Ouch! That really hurt!
You die...

###.........#.#
#.###.#>........#
#.........###...######
#####...#.............
#######.######.######
#.K(................#
#.#####...........#.#
#.# ###########.#.#
#.....c..c......@..#.#
#..###K..#########.#.#
#.## .# ..#.# #.
##.#.# #. ..#.# #. ###
#.


You could see a centaur.

Vanquished Creatures
  An adder (D:1)
  2 dart slugs
  An orc (D:3)
  3 bats (D:1)
  An endoplasm (D:1)
  A giant cockroach (D:1)
  4 goblins
  8 hobgoblins (D:1)
  4 jackals (D:1)
  A quokka (D:1)
  6 ball pythons
  2 kobolds (D:1)
  4 rats (D:1)
38 creatures vanquished.

Notes
Turn   | Place    | Note
-------+----------+-------------------------------------------
     0 | D:1      | Groucho the Spriggan Conjurer began the quest for the Orb.
     0 | D:1      | Reached XP level 1. HP: 9/9 MP: 5/5
   379 | D:1      | Reached XP level 2. HP: 13/13 MP: 4/7
  1260 | D:1      | Reached XP level 3. HP: 16/16 MP: 5/8
  1994 | D:2      | Noticed Natasha
  2120 | D:2      | Noticed Jessica
  3059 | D:3      | Noticed a centaur
  3081 | D:3      | Shot with an arrow by a centaur

Illustrated notes

Levels and vault maps discovered:
D:1:      lemuel_arrival_cross, layout_rooms, serial_bayou_pond_e
D:2:      layout_loops_cross, uniq_natasha, uniq_crazy_yiuf_cottage,
          uniq_jessica, uniq_sigmund
D:3:      layout_basic, mainiacjoe_overflow_boulevard,
          minmay_misc_feat_diagonals

Skill      XL: |  1 |
---------------+----+-----
Conjurations   | 3 |  3.8
Spellcasting   | 3 |  3.6
Dodging        | |  2.7
Stealth        | |  3.0

Action                     || total
---------------------------++-------
  Melee: Unarmed           ||    12
   Cast: Magic Dart        ||    97
    Use: Potion            ||     1
 Armour: Robe              ||     1
  Dodge: Dodged            ||    28
